 Dungeon Crawl Stone Soup version 0.22-a0-525-gf69a080 (webtiles) character file.

5564 kae the Warmonger (level 10, -2/76 HPs)
             Began as a Demonspawn Transmuter on June 21, 2018.
             Was an Elder of Okawaru.
             Killed by divine providence
             ... invoked by an orc priest
              (8 damage)
             ... on level 9 of the Dungeon.
             The game lasted 00:11:43 (12071 turns).

kae the Warmonger (Demonspawn Transmuter)          Turns: 12071, Time: 00:11:44

Health: -2/76      AC:  6    Str: 11    XL:     10   Next: 44%
Magic:  13/18      EV: 19    Int: 18    God:    Okawaru [****..]
Gold:   391        SH:  0    Dex: 19    Spells: 9/20 levels left

rFire    + . .     SeeInvis +     - Unarmed
rCold    . . .     Gourm    .   (no shield)
rNeg     . . .     Faith    .   b - +0 robe
rPois    .         Spirit   .   j - +1 helmet
rElec    .         Reflect  .   (no cloak)
rCorr    .         Harm     .   (no gloves)
MR       .....                  (boots unavailable)
Stlth    ++++......             (no amulet)
HPRegen  0.22/turn              s - +2 ring of dexterity
MPRegen  0.16/turn              z - ring "Syesman" {rF+ Int+4 SInv Stlth+}

@: about to teleport, heroism, very slightly contaminated
A: talons 3, yellow scales 1, spiny 2
a: Heroism, Renounce Religion


You were on level 9 of the Dungeon.
You worshipped Okawaru.
Okawaru was greatly pleased with you.
You were not hungry.

You visited 1 branch of the dungeon, and saw 9 of its levels.
You also visited: Sewer.

You collected 586 gold pieces.
You spent 195 gold pieces at shops.

Inventory:

Missiles
 a - 99 arrows
Armour
 b - a +0 robe (worn)
 j - a +1 helmet (worn)
Jewellery
 n - an uncursed ring of protection from cold
 s - a +2 ring of dexterity (left hand)
 w - a +2 ring of dexterity
 z - the ring "Syesman" (right hand) {rF+ Int+4 SInv Stlth+}
   (You found it on level 8 of the Dungeon)

   [ring of see invisible]

   It affects your intelligence (+4).
   It protects you from fire.
   It lets you see invisible.
   It makes you more stealthy.
Wands
 u - a wand of iceblast (13)
 B - a wand of polymorph (19)
Scrolls
 g - a scroll of immolation
 h - 2 scrolls of identify
 k - a scroll of enchant armour
 l - a scroll of blinking
 m - 6 scrolls of remove curse
 v - a scroll of teleportation
 y - a scroll of fog
 D - a scroll of summoning
Potions
 c - 5 potions of heal wounds
 e - 4 potions of might
 f - 6 potions of curing
 i - 4 potions of brilliance
 o - a potion of berserk rage
 p - 2 potions of agility
 q - 2 potions of haste
 r - a potion of mutation
 t - a potion of flight
 x - a potion of invisibility
 A - a potion of cancellation {unknown}
Comestibles
 d - 21 rations


   Skills:
 + Level 6.1(11.1) Fighting
 + Level 3.1(8.1) Dodging
 * Level 8.4(13.4) Unarmed Combat
 + Level 5.9 Spellcasting
 + Level 5.8 Transmutations
 + Level 9.1 Invocations


You had 9 spell levels left.
You knew the following spells:

 Your Spells              Type           Power        Failure   Level  Hunger
a - Beastly Appendage     Tmut           ####..       1%          1    None
b - Sticks to Snakes      Tmut           ####....     1%          2    None
c - Spider Form           Tmut/Pois      ###.......   11%         3    ##.....
d - Blade Hands           Tmut           ####......   30%         5    #####..

Your spell library contained the following spells:

 Spells                   Type           Power        Failure   Level  Hunger
 Confuse                  Hex            #.......     36%         3    ##.....
 Tukima's Dance           Hex            #.......     36%         3    ##.....
 Ice Form                 Ice/Tmut       ###.....     36%         4    ####...
 Ensorcelled Hibernation  Hex/Ice        #.....       19%         2    None
 Corona                   Hex            #......      12%         1    None
 Dazzling Spray           Conj/Hex       #.....       36%         3    ##.....


Dungeon Overview and Level Annotations

Branches:
Dungeon (9/15)             Temple (0/1) D:4            Lair (0/6) D:9
    Orc: D:9-12

Altars:
Ashenzari
Cheibriados
Dithmenos
Elyvilon
Gozag
Hepliaklqana
Makhleb
Okawaru
Trog
Vehumet
Yredelemnul
Zin
The Shining One

Shops:
D:5 !   D:8 *

Annotations:
D:3 2 transporters, KlownO's ghost, amateur GrEE
D:9 1 runed door


Innate Abilities, Weirdness & Mutations

You have claws for feet.
You are partially covered in yellow scales. (AC +2)
You are mostly covered in sharp spines.


Message History

The troll is moderately wounded.
The troll is struck by your spines. The troll bites you! The troll claws you.
The troll barely misses you.
You gain the combat prowess of a mighty hero.
The troll bites you! The troll claws you! The troll completely misses you.
Casting: Spider Form (safe; 11% risk of failure)
Confirm with . or Enter, or press ? or * to list all spells.
You miscast Spider Form.
You are very lightly contaminated with residual magic.
Waves of light ripple over your body. The troll closely misses you. x2
The troll claws you!
As you read the scroll of teleportation, it crumbles to dust.
You feel strangely unstable.
The orc warrior hits you from afar with a halberd!!
* * * LOW HITPOINT WARNING * * *
The troll misses you. The troll closely misses you. The troll misses you.
An orc comes into view.
The orc priest mumbles some strange prayers to Beogh against you.
Beogh smites you!
You die...

............... o..............
.... ..?.......$.... ....
...........[.!. ....
............. .... .oo........ ..
#o.T...... #...# #.@.# #...#
#...# #...# #...# #...#
###############...###############
.................................
.............................)..#


You could see a troll, an orc warrior, an orc priest and an orc.

Vanquished Creatures
  A two-headed ogre (D:9)
  Pikel (D:8)
  A hippogriff (D:9)
  Sigmund (D:6)
  2 hungry ghosts (D:7)
  A water moccasin (D:9)
  2 hell hounds (D:9)
  2 ice beasts
  2 orc warriors
  2 sky beasts
  A slave (D:8)
  4 ogres
  3 phantoms
  A centaur (D:6)
  2 bullfrogs (D:6)
  6 big kobolds
  2 gnoll sergeants
  A scorpion (D:3)
  A water moccasin skeleton (D:7)
  4 crimson imps
  A centaur zombie (D:7)
  A bullfrog zombie (D:6)
  9 hounds
  2 centaur skeletons (D:9)
  3 orc priests (D:7)
  3 bullfrog skeletons
  6 orc wizards
  3 iguanas
  5 worker ants
  A killer bee zombie (D:6)
  A hound zombie (D:6)
  A hound skeleton (D:4)
  A worker ant zombie (D:5)
  15 adders
  12 gnolls
  2 howler monkey skeletons
  A river rat (D:4)
  2 shadow imps (D:6)
  2 oozes
  An adder skeleton (D:5)
  An adder zombie (D:6)
  3 worms
  4 leopard geckos
  30 orcs
  4 giant cockroaches
  3 goblins
  6 hobgoblins
  10 jackals
  64 kobolds
  4 quokkas
  3 ball pythons
  10 bats
  5 frilled lizards
  A jackal zombie (D:5)
  A leopard gecko zombie (D:5)
  A quokka zombie (D:8)
  10 rats
272 creatures vanquished.

Vanquished Creatures (collateral kills)
  2 goblins (D:4)
2 creatures vanquished.

Vanquished Creatures (others)
  2 slaves (D:8)
  A big kobold (D:8)
  2 gnolls (D:8)
  3 kobolds (D:8)
8 creatures vanquished.

Grand Total: 282 creatures vanquished

Notes
Turn   | Place    | Note
-------+----------+-------------------------------------------
     0 | D:1      | kae the Demonspawn Transmuter began the quest for the Orb.
     0 | D:1      | Reached XP level 1. HP: 15/15 MP: 3/3
   341 | D:1      | Gained mutation: You have sharp toenails. [demonic ancestry]
   341 | D:1      | Reached XP level 2. HP: 21/21 MP: 5/5
   934 | D:2      | Learned a level 2 spell: Sticks to Snakes
  1082 | D:2      | Found a shattered altar of Ashenzari.
  1269 | D:2      | Gained mutation: You are partially covered in yellow scales. (AC +2) [demonic ancestry]
  1269 | D:2      | Reached XP level 3. HP: 26/26 MP: 4/6
  1341 | D:2      | Found an opulent altar of Gozag.
  1349 | D:2      | Found a radiant altar of Vehumet.
  1350 | D:2      | Found a white marble altar of Elyvilon.
  1350 | D:2      | Found a glowing silver altar of Zin.
  1625 | D:2      | Learned a level 3 spell: Spider Form
  2187 | D:3      | Found a transporter.
  2188 | D:3      | Noticed a necrophage
  2240 | D:3      | Noticed a scorpion
  2250 | D:3      | Killed a scorpion
  2250 | D:3      | Gained mutation: You are partially covered in sharp spines. [demonic ancestry]
  2250 | D:3      | Reached XP level 4. HP: 16/33 MP: 0/7
  2531 | D:3      | Found a bloodstained altar of Trog.
  2624 | D:3      | Found a transporter.
  2625 | D:3      | Noticed KlownO's ghost (amateur GrEE)
  2680 | D:3      | Reached XP level 5. HP: 22/38 MP: 6/9
  3444 | D:4      | Found an iron altar of Okawaru.
  3503 | D:4      | Became a worshipper of Warmaster Okawaru
  3768 | D:4      | Found a glowing drain.
  3781 | Sewer    | Entered a sewer
  3844 | Sewer    | Gained mutation: You are mostly covered in sharp spines. [demonic ancestry]
  3844 | Sewer    | Reached XP level 6. HP: 46/46 MP: 6/10
  4416 | Sewer    | Reached skill level 1 in Invocations
  4553 | D:4      | Found a staircase to the Ecumenical Temple.
  4616 | D:4      | Reached skill level 2 in Invocations
  4630 | D:4      | Reached * piety under Okawaru
  4630 | D:4      | Reached XP level 7. HP: 36/52 MP: 12/12
  4847 | D:4      | Reached skill level 5 in Unarmed Combat
  5453 | D:3      | Reached skill level 3 in Invocations
  5963 | D:3      | Reached skill level 4 in Invocations
  6053 | D:5      | Entered Level 5 of the Dungeon
  6147 | D:5      | Gained mutation: You have razor-sharp toenails. [demonic ancestry]
  6147 | D:5      | Reached XP level 8. HP: 48/60 MP: 13/13
  6175 | D:5      | Found Duloczei's Distillery.
  6191 | D:5      | Bought a potion of curing for 39 gold pieces
  6229 | D:5      | Reached ** piety under Okawaru
  6512 | D:5      | Found a basalt altar of Yredelemnul.
  6512 | D:5      | Found an iron altar of Okawaru.
  6517 | D:5      | Found a snail-covered altar of Cheibriados.
  6526 | D:5      | Found a hazy altar of Hepliaklqana.
  6527 | D:5      | Found a glowing golden altar of the Shining One.
  6566 | D:5      | Reached skill level 5 in Invocations
  7247 | D:6      | Reached skill level 6 in Invocations
  7528 | D:6      | Noticed Sigmund
  7540 | D:6      | Killed Sigmund
  7540 | D:6      | Reached *** piety under Okawaru
  7540 | D:6      | Gained mutation: You have claws for feet. [demonic ancestry]
  7540 | D:6      | Reached XP level 9. HP: 66/66 MP: 7/16
  7559 | D:6      | Reached skill level 7 in Invocations
  7909 | D:7      | Found a shadowy altar of Dithmenos.
  8185 | D:7      | Reached skill level 5 in Fighting
  8189 | D:7      | Reached skill level 5 in Spellcasting
  8598 | D:7      | Found a burning altar of Makhleb.
  8632 | D:7      | Reached skill level 5 in Transmutations
  8833 | D:7      | Found an opulent altar of Gozag.
  8841 | D:7      | Reached skill level 8 in Invocations
  9165 | D:7      | Learned a level 5 spell: Blade Hands
  9196 | D:7      | Reached **** piety under Okawaru
  9569 | D:8      | Got a steaming amber ring
  9571 | D:8      | Identified the ring "Syesman" {rF+ Int+4 SInv Stlth+} (You found it on level 8 of the Dungeon)
  9632 | D:8      | Noticed Pikel
  9651 | D:8      | Killed Pikel
  9901 | D:8      | Reached XP level 10. HP: 76/76 MP: 12/18
 10363 | D:8      | Found Gen Koacsui's Assorted Antiques.
 10371 | D:8      | Bought an inky potion for 28 gold pieces
 10371 | D:8      | Bought a scroll labeled LERCHI USIJESHYFF for 32 gold pieces
 10371 | D:8      | Bought a scroll labeled LERCHI USIJESHYFF for 32 gold pieces
 10371 | D:8      | Bought a scroll of identify for 64 gold pieces
 10955 | D:9      | Found a staircase to the Lair.
 11171 | D:9      | Noticed a two-headed ogre
 11201 | D:9      | Killed a two-headed ogre
 11237 | D:9      | Reached skill level 9 in Invocations
 11938 | D:9      | Found a runed door.
 11938 | D:9      | Noticed an orc knight
 11938 | D:9      | Noticed a wolf spider
 11938 | D:9      | Noticed a deep troll
 11940 | D:9      | Noticed a stone giant
 11940 | D:9      | Noticed an orc sorcerer
 11940 | D:9      | Noticed a wolf spider
 11940 | D:9      | Noticed a flayed ghost
 12071 | D:9      | Killed from afar by an orc priest

Vault maps used:
D:1:      elethiomel_arrival_shortcut
D:2:      evilmike_ruin_ashenzari, chequers_temple_overflow_statue_of_worship
D:3:      minmay_goblin_kobold_castle, old_standard_altar,
          gammafunk_ghost_mausoleum
D:4:      temple_pool_b, gup_sewer_entry_spiral, first_ration,
          kennysheep_okawaru_gauntlet
D:5:      chequers_temple_overflow_minitemple, serial_shops, nicolae_shop_stone,
          minmay_misc_feat_tower
D:6:      uniq_sigmund
D:7:      nicolae_dithmenos_shadow_blocks, makhleb_heckhound_becter,
          grunt_gozag_breadcrumbs
D:8:      serial_shops, shop, uniq_pikel
D:9:      minmay_gate_of_8, minmay_lair_entry_lava
Sewer:    kennysheep_pipe_town

Skill      XL: |  1  2  3  4  5  6  7  8  9 10 |
---------------+-------------------------------+-----
Unarmed Combat | 3 4 5 6 7 8 |  8.4
Transmutations | 2 3 4 5 |  5.8
Fighting       | 2 3 4 5 6 |  6.1
Spellcasting   | 3 4 5 |  5.9
Invocations    | 2 4 6 8 9 |  9.1
Dodging        | 2 3 |  3.1

Action                   |  1- 3 |  4- 6 |  7- 9 | 10-12 || total
-------------------------+-------+-------+-------+-------++-------
Melee: Unarmed           |    95 |   140 |   390 |    77 ||   702
       Kick              |    15 |    24 |    65 |    22 ||   126
       Headbutt          |     3 |     2 |       |       ||     5
       Punch             |       |     1 |     8 |     4 ||    13
 Cast: Beastly Appendage |    15 |     5 |       |       ||    20
       Spider Form       |     2 |     5 |    11 |     2 ||    20
       Sticks to Snakes  |       |     8 |       |     3 ||    11
Invok: Heroism           |       |       |    14 |     5 ||    19
  Use: Potion            |       |     5 |       |       ||     5
       Scroll            |       |     3 |    12 |     7 ||    22
 Stab: Sleeping          |     3 |     1 |     6 |       ||    10
  Eat: Chunk             |     4 |    10 |    17 |     4 ||    35
       Ration            |       |       |     1 |     1 ||     2
Armor: Robe              |     8 |    20 |    41 |    12 ||    81
       Skin              |       |       |     1 |       ||     1
Dodge: Dodged            |    61 |   115 |   241 |    76 ||   493

Table legend:
 A = Spawn XP
 B = Non-spawn XP
 C = Spawn XP percentage of total XP
 D = Spawn monster count
 E = Non-spawn monster count
 F = Spawn count percentage of total count
 G = Total turns spent on level
                    A         B        C        D         E        F      G
               +---------+---------+-------+---------+---------+-------+---------
         Total |       0 |    7949 |   0.0 |       0 |     273 |   0.0 | 12071
               +---------+---------+-------+---------+---------+-------+---------
           D:1 |       0 |      26 |   0.0 |       0 |      15 |   0.0 |   922
           D:2 |       0 |      65 |   0.0 |       0 |      16 |   0.0 |  1259
           D:3 |       0 |     552 |   0.0 |       0 |      69 |   0.0 |  2027
           D:4 |       0 |     395 |   0.0 |       0 |      29 |   0.0 |  1300
           D:5 |       0 |     582 |   0.0 |       0 |      21 |   0.0 |   809
           D:6 |       0 |    1487 |   0.0 |       0 |      30 |   0.0 |  1162
           D:7 |       0 |    1469 |   0.0 |       0 |      36 |   0.0 |  1316
           D:8 |       0 |    1064 |   0.0 |       0 |      14 |   0.0 |  1669
           D:9 |       0 |    2053 |   0.0 |       0 |      19 |   0.0 |   946
         Sewer |       0 |     256 |   0.0 |       0 |      24 |   0.0 |   661
               +---------+---------+-------+---------+---------+-------+---------
